 Dungeon Crawl Stone Soup version 0.27-a0-1301-g128193abf8 (webtiles) character file.

Game seed: 7427149979772998998

1751 flotson the Skirmisher (level 8, -3/64 HPs)
             Began as a Demonspawn Delver on June 18, 2021.
             Slain by a shadow (12 damage)
             ... on level 6 of the Dungeon.
             The game lasted 00:11:32 (8396 turns).

flotson the Skirmisher (Demonspawn Delver)          Turns: 8396, Time: 00:11:32

Health: -3/64      AC: 10    Str: 15    XL:     8   Next: 78%
Magic:  8/8        EV: 12    Int: 11    God:
Gold:   282        SH:  0    Dex: 15    Spells: 7/7 levels left

rFire    . . .     SeeInvis .   a - +2 whip (venom)
rCold    . . .     Faith    .   (no shield)
rNeg     . . .     Spirit   .   n - +0 ring mail
rPois    .         Reflect  .   (helmet restricted)
rElec    .         Harm     .   m - +0 cloak
rCorr    .         Rampage  .   v - +0 pair of gloves
Will     .....                  y - +0 pair of boots
Stlth    ++........             (no amulet)
HPRegen  0.20/turn              (no ring)
MPRegen  0.11/turn              (no ring)

@: no status effects
A: antennae 1, rugged brown scales 1, foul stench 1, powered by death 1
a: no special abilities


You were on level 6 of the Dungeon.
You visited 1 branch of the dungeon, and saw 6 of its levels.

You collected 282 gold pieces.

Inventory:

Hand Weapons
 a - a +2 whip of venom (weapon)
 b - a +0 hunting sling
 o - a +0 hand axe
 x - a +0 trident
 C - a +0 hand crossbow
Missiles
 t - 4 sling bullets
 D - 3 javelins (quivered)
Armour
 m - a +0 cloak (worn)
 n - a +0 ring mail (worn)
 v - a +0 pair of gloves (worn)
 y - a +0 pair of boots (worn)
Wands
 g - a wand of digging (3)
 B - a wand of flame (4)
 E - a wand of iceblast (5)
Scrolls
 c - a scroll of silence {unknown}
 d - 2 scrolls of magic mapping
 h - a scroll of vulnerability {unknown}
 i - a scroll of teleportation {unknown}
 j - a scroll of torment {unknown}
 k - a scroll of acquirement {unknown}
 r - 3 scrolls of blinking {unknown}
 u - 3 scrolls of identify {unknown}
 w - 2 scrolls of enchant armour {unknown}
 A - a scroll of noise {unknown}
Potions
 e - a potion of attraction {unknown}
 f - 2 potions of mutation {unknown}
 l - a potion of ambrosia {unknown}
 p - a potion of curing {unknown}
 q - 3 potions of brilliance {unknown}
 s - 5 potions of flight {unknown}
 z - a potion of lignification {unknown}


   Skills:
 + Level 5.4 Fighting
 + Level 4.3 Axes
 - Level 1.5(2.5) Slings
 + Level 1.9 Crossbows
 + Level 3.1(3.3) Throwing
 + Level 4.1 Armour
 + Level 4.4 Dodging
 - Level 4.5 Stealth
 + Level 4.0 Evocations


You had 7 spell levels left.
You didn't know any spells.
Your spell library contained the following spells:

 Spells                   Type           Power      Damage    Failure   Level
 Foxfire                  Conj/Fire      0%         2x1d4     54%         1
 Summon Small Mammal      Summ           0%         N/A       54%         1
 Call Imp                 Summ           0%         N/A       69%         2
 Call Canine Familiar     Summ           0%         N/A       89%         3
 Conjure Flame            Conj/Fire      0%         6-21      89%         3
 Inner Flame              Hex/Fire       0%         N/A       89%         3
 Summon Guardian Golem    Hex/Summ       0%         N/A       89%         3
 Sticky Flame             Conj/Fire      0%         2d3       100%        4
 Summon Ice Beast         Ice/Summ       0%         N/A       100%        4
 Summon Lightning Spire   Summ/Air       0%         N/A       100%        4
 Fireball                 Conj/Fire      0%         3d3       100%        5


Dungeon Overview and Level Annotations

Branches:
Dungeon (6/15)
 Temple: D:4-7

Altars:
Xom

Annotations:
D:6 1 transporter, Demosthentine's ghost, novice MfGl


Innate Abilities, Weirdness & Mutations

You have a pair of small antennae on your head.
You are partially covered in rugged brown scales. (AC +1, +3% HP)
You may rarely emit foul miasma when damaged in melee.
You regenerate a little health from kills.


Message History

No target in view!
You hit something.
The shadow strikes at you from the darkness!
Reactivating autopickup.
You hit the shadow but do no damage.
The shadow is heavily damaged.
You hit the shadow.
The shadow is severely damaged.
The shadow slips into darkness.
The shadow flickers and vanishes!
Deactivating autopickup; reactivate with Ctrl-A.
You hit something.
The shadow strikes at you from the darkness!
Reactivating autopickup.
You barely miss the shadow.
The shadow is severely damaged.
The shadow closely misses you.
You hit the shadow.
The shadow is almost destroyed.
The shadow barely misses you.
You barely miss the shadow.
The shadow is almost destroyed.
The shadow slips into darkness.
The shadow flickers and vanishes!
Deactivating autopickup; reactivate with Ctrl-A.
You miss something.
The shadow strikes at you from the darkness!
* * * LOW HITPOINT WARNING * * *
Reactivating autopickup.
You barely miss the shadow.
The shadow is almost destroyed.
The shadow hits you.
* * * LOW HITPOINT WARNING * * *
You hit the shadow.
The shadow is almost destroyed.
The shadow slips into darkness.
The shadow flickers and vanishes!
Deactivating autopickup; reactivate with Ctrl-A.
The shadow strikes at you from the darkness!
You die...

#.# #.# #.# #.#
#.# #.# #.# #{#
#@#
################.#
.................#
##################


There were no monsters in sight!

Vanquished Creatures
  2 black bears
  2 necrophages (D:5)
  2 ogres (D:5)
  A centaur (D:6)
  A bullfrog (D:4)
  A gnoll sergeant (D:6)
  3 scorpions
  A water moccasin skeleton (D:5)
  3 electric eels (D:4)
  A howler monkey (D:4)
  2 orc priests
  2 hounds
  2 jellies (D:5)
  A centaur skeleton (D:6)
  Jessica (D:3)
  A bullfrog skeleton (D:6)
  2 iguanas
  2 orc wizards
  A killer bee zombie (D:6)
  A hound zombie (D:5)
  A gnoll (D:6)
  A howler monkey skeleton (D:5)
  7 adders
  7 river rats (D:5)
  5 dart slugs
  21 orcs
  A bat (D:1)
  7 endoplasms
  3 giant cockroaches
  3 goblins
  8 hobgoblins
  2 kobolds
  4 quokkas
  4 ball pythons
  3 frilled lizards
  A quokka skeleton (D:4)
  17 rats
127 creatures vanquished.

Vanquished Creatures (others)
  A plant (D:4)
1 creature vanquished.

Grand Total: 128 creatures vanquished

Notes
Turn   | Place    | Note
-------+----------+-------------------------------------------
     0 | D:5      | flotson the Demonspawn Delver began the quest for the Orb.
     0 | D:5      | Reached XP level 1. HP: 18/18 MP: 1/1
    22 | D:5      | Noticed an ogre
    43 | D:4      | Gained mutation: You have a pair of small antennae on your
                  | head. [demonic ancestry]
    43 | D:4      | Reached XP level 2. HP: 9/24 MP: 2/2
   467 | D:1      | Reached skill level 1 in Armour
   713 | D:1      | Gained mutation: You are partially covered in rugged brown
                  | scales. (AC +1, +3% HP) [demonic ancestry]
   713 | D:1      | Reached XP level 3. HP: 24/29 MP: 3/3
  1949 | D:2      | Found a faded altar of an unknown god.
  2810 | D:3      | Noticed Jessica
  2822 | D:3      | Killed Jessica
  2823 | D:3      | Reached XP level 4. HP: 36/36 MP: 4/4
  3379 | D:3      | Reached skill level 1 in Evocations
  3593 | D:3      | Reached skill level 1 in Slings
  3593 | D:3      | Gained mutation: You may rarely emit foul miasma when
                  | damaged in melee. [demonic ancestry]
  3593 | D:3      | Reached XP level 5. HP: 43/43 MP: 5/5
  4044 | D:4      | Found a transporter.
  4197 | D:4      | Found a transporter.
  4766 | D:4      | Noticed a black bear
  4778 | D:4      | Killed a black bear
  4779 | D:4      | Reached skill level 4 in Fighting
  4779 | D:4      | Reached XP level 6. HP: 38/49 MP: 6/6
  5195 | D:4      | Reached skill level 1 in Throwing
  5195 | D:4      | Gained mutation: You regenerate a little health from kills.
                  | [demonic ancestry]
  5195 | D:4      | Reached XP level 7. HP: 36/56 MP: 7/7
  6024 | D:5      | Reached XP level 8. HP: 21/62 MP: 8/8
  6330 | D:5      | Reached skill level 5 in Fighting
  6483 | D:5      | Reached skill level 1 in Crossbows
  7614 | D:6      | Found a transporter.
  7617 | D:6      | Noticed Demosthentine's ghost (novice MfGl)
  8313 | D:6      | Found a shimmering altar of Xom.
  8396 | D:6      | Slain by a shadow

Illustrated notes

Levels and vault maps discovered:
D:1:      dpeg_arrival_three_same_balls, layout_basic, minmay_tromino_v4_b
D:2:      layout_basic, chequers_ecumenical_altar_island
D:3:      layout_basic, uniq_jessica
D:4:      gammafunk_steamed_eel, layout_basic
D:5:      layout_basic, dk_rats_in_the_wall, uniq_ijyb
D:6:      minmay_spotlight, layout_basic, xom_teletrap_fun,
          gammafunk_ghost_stat_death, kennysheep_big_empty_room

Skill      XL: |  1  2  3  4  5  6  7  8 |
---------------+-------------------------+-----
Axes           | 2 3 4 |  4.3
Dodging        | 2 3 4 |  4.4
Armour         | 1 2 3 4 |  4.1
Evocations     | 1 2 3 4 |  4.0
Slings         | 1 |  1.5
Fighting       | 4 5 |  5.4
Throwing       | 1 2 3 |  3.1
Crossbows      | 1 |  1.9
Stealth        | |  4.5

Action                   |  1- 3 |  4- 6 |  7- 9 || total
-------------------------+-------+-------+-------++-------
Melee: Hand axe          |    58 |       |       ||    58
       Quarterstaff      |    22 |    12 |       ||    34
       Whip              |       |    94 |   251 ||   345
 Fire: Hunting sling     |    22 |    46 |    33 ||   101
Evoke: Wand              |       |       |     4 ||     4
  Use: Potion            |     1 |       |       ||     1
       Scroll            |     1 |     2 |       ||     3
 Stab: Sleeping          |     6 |     2 |     2 ||    10
Armor: Leather armour    |    10 |       |       ||    10
       Ring mail         |    10 |    39 |   107 ||   156
Dodge: Dodged            |    60 |    53 |   182 ||   295

Table legend: (Time is in decaauts)
 A = Elapsed time spent in this place.
 B = Non-inter-level travel time spent in this place.
 C = Inter-level travel time spent in this place.
 D = Time resting spent in this place.
 E = Time spent auto-exploring this place.
 F = Levels seen in this place.
 G = Mean time per level.
                   A        B        C        D        E       F      G
               +--------+--------+--------+--------+--------+-----+--------+
         Total |   8400 |   8036 |    364 |   1148 |   5551 |   6 | 1400.0 |
       Dungeon |   8400 |   8036 |    364 |   1148 |   5551 |   6 | 1400.0 |
               +--------+--------+--------+--------+--------+-----+--------+

Top non-repeatable levels by time:
     D:5: 1923 daAuts
     D:3: 1879 daAuts
     D:4: 1612 daAuts
     D:2: 1151 daAuts
     D:1: 1020 daAuts
     D:6: 814 daAuts
